 Dungeon Crawl Stone Soup version 0.31.0-11-ge490571c62 (webtiles) character file.

Game seed: 988537587097055521

6 mopl the Caller (level 1, 0/10 HPs)
             Began as a Tengu Summoner on Feb 10, 2024.
             Frozen to death by an endoplasm (5 damage)
             ... on level 1 of the Dungeon.
             The game lasted 00:00:15 (108 turns).

mopl the Caller (Tengu Summoner)                     Turns: 108, Time: 00:00:16

Health: 0/10       AC:  2    Str:  8    XL:     1   Next: 90%
Magic:  4/4        EV: 12    Int: 15    God:
Gold:   35         SH:  0    Dex: 14    Spells: 3/4 levels left

rFire   . . .        f - +0 dagger
rCold   . . .        (no shield)
rNeg    . . .        a - +0 robe
rPois   .            (helmet restricted)
rElec   .            (no cloak)
rCorr   .            (no gloves)
SInv    +            (boots unavailable)
Will    .....        (no amulet)
Stlth   ++           d - ring of see invisible
HPRegen 0.21/turn    (no ring)
MPRegen 0.09/turn

%: acrobat
@: no status effects
A: beak, talons 3, acrobatic
a: no special abilities


You were on level 1 of the Dungeon.
You visited 1 branch of the dungeon, and saw 1 of its levels.

You collected 35 gold pieces.

Inventory:

Hand Weapons
 f - a +0 dagger (weapon)
Armour
 a - a +0 robe (worn)
Jewellery
 d - a ring of see invisible (left hand)
Scrolls
 c - a scroll of brand weapon {unknown}
 e - 2 scrolls of identify {unknown}
Potions
 b - a potion of magic


   Skills:
 - Level 2.1 Dodging
 - Level 2.0 Stealth
 + Level 2.2 Spellcasting
 + Level 5.0 Summonings


You had 3 spell levels left.
You knew the following spells:

 Your Spells              Type           Power      Damage    Failure   Level
a - Summon Small Mammal   Summ           64%        N/A       2%          1

Your spell library contained the following spells:

 Spells                   Type           Power      Damage    Failure   Level
 Call Imp                 Summ           32%        N/A       4%          2
 Call Canine Familiar     Summ           16%        N/A       9%          3
 Summon Blazeheart Golem  Fire/Summ      9%         N/A       58%         4
 Summon Lightning Spire   Summ/Air       9%         N/A       58%         4


Dungeon Overview and Level Annotations

Branches:
Dungeon (1/15)

Altars:

Shops:
D:1 (


Innate Abilities, Weirdness & Mutations

You have a beak for a mouth.
You have claws for feet.
You can magically evade attacks while moving or waiting.


Message History

The shaft crumbles and collapses.
The kobold throws a stone.
The stone closely misses you.
An endoplasm comes into view.
The kobold throws a stone.
The stone completely misses you.
You hit the dart slug.
You peck the dart slug, but do no damage.
The dart slug is moderately wounded.
The dart slug bites you.
You hit the dart slug but do no damage. You peck the dart slug.
The dart slug is heavily wounded.
The dart slug closely misses you.
You completely miss the dart slug. You claw the dart slug.
You kill the dart slug!
The kobold closely misses you.
Your Summonings skill increases to level 5!
You hit the kobold. Your peck misses the kobold.
The kobold is severely wounded.
The kobold hits you with a +0 short sword.
The endoplasm hits you.
You are too injured to fight recklessly!
You are too injured to fight recklessly!
You are too injured to fight recklessly!
You are too injured to fight recklessly!
You are too injured to fight recklessly!
You are too injured to fight recklessly!
You are too injured to fight recklessly!
You are too injured to fight recklessly!
You are too injured to fight recklessly!
You are too injured to fight recklessly!
You are too injured to fight recklessly!
You are too injured to fight recklessly!
You barely miss the kobold. Your kick misses the kobold.
The kobold is severely wounded.
The kobold hits you but does no damage. The endoplasm closely misses you.
You barely miss the kobold. You claw the kobold.
You kill the kobold!
The endoplasm freezes you.
You are frozen.
Ouch! That really hurt!
You die...

...
########...
#..........
#..........
#!.........
#..........
#..........
#..@)......
#...J...∩..
###..........
#...####.##..
#...# ... .
#...# ##.
#...# #. #
..# #$..##
#.. .. #.#
#....# .. ).#
#.#


You could see an endoplasm.

Vanquished Creatures
  A dart slug (D:1)
  A ball python (D:1)
  2 kobolds (D:1)
  A frilled lizard (D:1)
5 creatures vanquished.

Notes
Turn   | Place    | Note
-------+----------+-------------------------------------------
     0 | D:1      | mopl the Tengu Summoner began the quest for the Orb.
     0 | D:1      | Reached XP level 1. HP: 10/10 MP: 4/4
    99 | D:1      | Found Qal Poro's Weapon Shoppe.
   106 | D:1      | Reached skill level 5 in Summonings
   108 | D:1      | Frozen to death by an endoplasm

Illustrated notes

Levels and vault maps discovered:
D:1:      minmay_arrival_open_corners, layout_rooms, serial_shops, shop,
          minmay_worlds_worst_comb

Skill      XL: |  1 |
---------------+----+-----
Summonings     | 5 |  5.0
Dodging        | |  2.1
Stealth        | |  2.0
Spellcasting   | |  2.2

Action                     || total
---------------------------++-------
  Melee: Dagger            ||    11
         Kick              ||     3
         Peck              ||     3
   Stab: Sleeping          ||     1
 Armour: Robe              ||     6
  Dodge: Dodged            ||     5
